 Dungeon Crawl Stone Soup version 0.19-a0-664-g51fd293 (webtiles) character file.

66 LORDOFBUTT the Shield-Bearer (level 3, -2/33 HPs)
             Began as a Minotaur Fighter on June 16, 2016.
             Killed by divine providence
             ... invoked by an orc priest
              (12 damage)
             ... on level 3 of the Dungeon.
             The game lasted 00:02:53 (1411 turns).

LORDOFBUTT the Shield-Bearer (Minotaur Fighter)     Turns: 1411, Time: 00:02:53

Health: -2/33      AC: 10    Str: 20    XL:     3   Next: 96%
Magic:  2/2        EV:  8    Int:  5    God:
Gold:   130        SH:  9    Dex: 10    Spells: 0 memorised, 2 levels left

rFire  . . .     SeeInvis .     a - +0 war axe
rCold  . . .     Gourm    .     b - +0 scale mail
rNeg   . . .     Faith    .     c - +0 shield
rPois  .         Spirit   .     (helmet restricted)
rElec  .         Dismiss  .     s - +2 cloak
rCorr  .         Reflect  .     (no gloves)
SustAt .         Harm     .     (no boots)
MR     .....                    v - amulet of rage
Stlth  ..........               (no ring)
                                (no ring)

@: drained, not resistant to hostile enchantments, extremely unstealthy
A: retaliatory headbutt, horns 2
a: Evoke Berserk Rage


You were on level 3 of the Dungeon.
You were not hungry.

You visited 1 branch of the dungeon, and saw 3 of its levels.

You collected 130 gold pieces.

Inventory:

Hand Weapons
 a - a +0 war axe (weapon)
Armour
 b - a +0 scale mail (worn)
 c - a +0 shield (worn)
 s - a +2 cloak (worn)
Jewellery
 v - an amulet of rage (around neck)
Wands
 t - a wand of confusion (29/48)
Scrolls
 i - a scroll of blinking {unknown}
 l - a scroll of amnesia {unknown}
 n - a scroll of identify {unknown}
 o - a scroll of immolation {unknown}
 r - a scroll of fog {unknown}
 u - a scroll of remove curse {unknown}
Potions
 d - 2 potions of might
 e - a potion of heal wounds {unknown}
 h - a potion of haste {unknown}
 j - 2 potions of degeneration {unknown}
 m - a potion of magic {unknown}
 p - a potion of brilliance {unknown}
Comestibles
 f - 2 bread rations
 g - 3 meat rations
 k - a beef jerky
 q - 3 fruits


   Skills:
 + Level 4.1(4.0) Fighting
 + Level 2.9 Axes
 + Level 4.2(4.1) Armour
 + Level 1.4(1.3) Dodging
 + Level 4.3(4.2) Shields


You had 2 spell levels left.
You didn't know any spells.

Dungeon Overview and Level Annotations

Branches:
Dungeon (3/15)

Altars:


Innate Abilities, Weirdness & Mutations

You reflexively headbutt those who attack you in melee.
You have a pair of horns on your head.


Message History

The orc priest hits you but does no damage.
You block the orc's attack.
The orc priest looks braver for a moment.
You hit the orc but do no damage.
The orc is moderately wounded.
You hit the orc priest.
The orc priest is lightly wounded.
You block the orc's attack.
The orc priest mumbles some strange prayers to Beogh against you.
Beogh smites you! You block the orc priest's attack.
You block the orc's attack.
You hit the orc.
The orc is almost dead.
You hit the orc priest.
The orc priest is heavily wounded.
The orc priest calls down the wrath of Beogh upon you.
Beogh smites you! The orc barely misses you.
The orc priest invokes the aid of Beogh against you.
Beogh smites you!
You die...

.# .. .# #.# #####.# #.#
#.....# #.######.....#
#. ##.##........$#
##.###...#.###.....#
#..........# #..@oo#
#..###...###.....o..)...
#..# ##.## #.###..###.##
#..# #.# #. #..#
#..####.# # #..#
........# #... #..######
#.##. #..##### #.# .#
#......#


You could see 2 orc priests and an orc.

Vanquished Creatures
  An adder (D:2)
  2 oozes
  2 dart slugs
  2 giant geckos
  A giant cockroach (D:1)
  6 goblins
  9 hobgoblins
  5 bats
  A giant newt (D:2)
  7 kobolds
  6 rats
42 creatures vanquished.

Notes
Turn   | Place    | Note
--------------------------------------------------------------
     0 | D:1      | LORDOFBUTT the Minotaur Fighter began the quest for the Orb.
     0 | D:1      | Reached XP level 1. HP: 19/19 MP: 0/0
   224 | D:1      | Reached XP level 2. HP: 19/27 MP: 1/1
   486 | D:2      | Reached XP level 3. HP: 26/33 MP: 2/2
   526 | D:2      | Reached skill level 1 in Dodging
  1411 | D:3      | Killed from afar by an orc priest

Vault maps used:
D:1:      lightli_arrival_statuegarden
D:2:      serial_bayou_lagoon_b
D:3:      nicolae_qazlal_style_of_elements, xom_redecorated,
          makhleb_heckhound_becter

Skill      XL: |  1  2  3 |
---------------+----------+-----
Armour         | 4 |  4.2
Shields        | 4 |  4.3
Fighting       | 4 |  4.1
Dodging        | 1 |  1.4
Axes           | |  2.9

Action                   || total
-------------------------++-------
Melee: War axe           ||    96
       Headbutt          ||     9
  Eat: Meat ration       ||     1
Armor: Scale mail        ||    33
Dodge: Dodged            ||    41
Block: Shield            ||    49
